TOP OF THE 1ST |
District 9 Prawns batting - Pitching for Calgary Cowboys : RHP Luis Trujillo
|
Pitching: RHP Luis Trujillo
|
|
Batting: RHB Gil Palmer
|
0-0: Ball 1-0: Ground out 5-3 (Groundball, 56)
|
Batting: RHB José Colón
|
0-0: Ball 1-0: Called Strike 1-1: Foul Ball, location: 2F 1-2: Ground out 5-3 (Groundball, 56)
|
Batting: LHB Lorenzo Quintanilla
|
0-0: Hit by Pitch
|
Batting: LHB Mike Davis
|
0-0: Called Strike 0-1: Swinging Strike 0-2: SINGLE (Flyball, 7S) Lorenzo Quintanilla to second
|
Batting: RHB Felipe Jareño
|
0-0: Swinging Strike 0-1: Ball 1-1: Swinging Strike 1-2: Foul Ball, location: 2F 1-2: Ball 2-2: Strikes out swinging
|
Top of the 1st over - 0 run(s), 1 hit(s), 0 error(s), 2 left on base; District 9 0 - Calgary 0 |
BOTTOM OF THE 1ST |
Calgary Cowboys batting - Pitching for District 9 Prawns : RHP Ignacio Morales
|
Pitching: RHP Ignacio Morales
|
|
Batting: LHB Enrico Vargas
|
0-0: Called Strike 0-1: Swinging Strike 0-2: Ball 1-2: Ground out 4-3 (Groundball, 4)
|
Batting: RHB Jorge Balencia
|
0-0: Called Strike 0-1: Foul Ball, location: 2F 0-2: Reached via error on a dropped throw, E3
|
Batting: LHB Greg Nelson
|
0-0: Ball 1-0: Ball 2-0: Called Strike Jorge Balencia steals 2nd base 2-1: Fly out, F8 (Line Drive, 8LM)
|
Batting: LHB José Liñares
|
0-0: Ball 1-0: Called Strike 1-1: Ball 2-1: Foul Ball, location: 2F 2-2: Foul Ball, location: 2F 2-2: Ball 3-2: SINGLE (Line Drive, 9S) Jorge Balencia to third Jorge Balencia scores
|
Batting: RHB Todd Bryant
|
0-0: Foul Ball, location: 2F 0-1: Called Strike 0-2: Ball 1-2: Foul Ball, location: 2F 1-2: SINGLE (Line Drive, 6M) José Liñares to second
|
Batting: RHB Dan Wyatt
|
0-0: Ball 1-0: Foul Ball, location: 2F 1-1: Fly out, F8 (Line Drive, 8RD)
|
Bottom of the 1st over - 1 run(s), 2 hit(s), 1 error(s), 2 left on base; District 9 0 - Calgary 1 |
TOP OF THE 2ND |
District 9 Prawns batting - Pitching for Calgary Cowboys : RHP Luis Trujillo
|
Batting: RHB Rafael González
|
0-0: Foul Ball, location: 2F 0-1: Foul Ball, location: 2F 0-2: Ball 1-2: Ball 2-2: Foul Ball, location: 2F 2-2: DOUBLE (Line Drive, 7D)
|
Batting: LHB Manuel Cardenas
|
0-0: Ball 1-0: Swinging Strike 1-1: Ball 2-1: Ground out 4-3 (Groundball, 4) Rafael González to third
|
Batting: RHB Boyd Pittman
|
0-0: Called Strike 0-1: Ball 1-1: Called Strike 1-2: Ball 2-2: Strikes out swinging, 2-3 out at first.
|
Batting: LHB Culley Vaughan
|
0-0: Called Strike 0-1: Fly out, F6 (Line Drive, 6)
|
Top of the 2nd over - 0 run(s), 1 hit(s), 0 error(s), 1 left on base; District 9 0 - Calgary 1 |
BOTTOM OF THE 2ND |
Calgary Cowboys batting - Pitching for District 9 Prawns : RHP Ignacio Morales
|
Batting: RHB Ramón Martínez
|
0-0: Ball 1-0: Swinging Strike 1-1: Foul Ball, location: 2F 1-2: SINGLE (Line Drive, 78S)
|
Batting: RHB Shayne Burry
|
0-0: Called Strike 0-1: Foul Ball, location: 2F 0-2: Strikes out looking
|
Batting: RHB Mario Sánchez
|
0-0: Called Strike 0-1: Ball 1-1: Ball 2-1: Foul Ball, location: 2F 2-2: SINGLE (Line Drive, 34) Ramón Martínez to second
|
Batting: LHB Enrico Vargas
|
0-0: Ball 1-0: Fly out, F8 (Flyball, 8LM)
|
Batting: RHB Jorge Balencia
|
0-0: Ball 1-0: Ball 2-0: Called Strike 2-1: Swinging Strike 2-2: Ball 3-2: Strikes out looking
|
Bottom of the 2nd over - 0 run(s), 2 hit(s), 0 error(s), 2 left on base; District 9 0 - Calgary 1 |
TOP OF THE 3RD |
District 9 Prawns batting - Pitching for Calgary Cowboys : RHP Luis Trujillo
|
Batting: RHB Gil Palmer
|
0-0: Ball 1-0: Ball 2-0: Foul Ball, location: 2F 2-1: Fly out, F7 (Line Drive, 7)
|
Batting: RHB José Colón
|
0-0: Called Strike 0-1: Foul Ball, location: 2F 0-2: Ground out 6-3 (Groundball, 6)
|
Batting: LHB Lorenzo Quintanilla
|
0-0: Called Strike 0-1: Foul Ball, location: 2F 0-2: Ball 1-2: Ball 2-2: Foul Ball, location: 2F 2-2: Ball 3-2: Ground out 6-3 (Groundball, 6)
|
Top of the 3rd over - 0 run(s), 0 hit(s), 0 error(s), 0 left on base; District 9 0 - Calgary 1 |
BOTTOM OF THE 3RD |
Calgary Cowboys batting - Pitching for District 9 Prawns : RHP Ignacio Morales
|
Batting: LHB Greg Nelson
|
0-0: Called Strike 0-1: Called Strike 0-2: Ball 1-2: SINGLE (Groundball, 56D)
|
Batting: LHB José Liñares
|
0-0: Called Strike
|
|
|
|
0-1: Ball 1-1: Ball 2-1: Swinging Strike 2-2: Ball 3-2: Strikes out looking
|
Batting: RHB Todd Bryant
|
0-0: Ball 1-0: Fielders Choice at 2nd, 6-4 (Groundball, 6)
|
Batting: RHB Dan Wyatt
|
0-0: Ball 1-0: Foul Ball, location: 2F 1-1: Foul Ball, location: 2F 1-2: SINGLE (Groundball, 56D) Todd Bryant to second
|
Batting: RHB Ramón Martínez
|
0-0: Ground out 1-3 (Groundball, 13S)
|
Bottom of the 3rd over - 0 run(s), 2 hit(s), 0 error(s), 2 left on base; District 9 0 - Calgary 1 |
TOP OF THE 4TH |
District 9 Prawns batting - Pitching for Calgary Cowboys : RHP Luis Trujillo
|
Batting: LHB Mike Davis
|
0-0: Called Strike 0-1: Ball 1-1: Foul Ball, location: 2F 1-2: Foul Ball, location: 2F 1-2: Strikes out swinging
|
Batting: RHB Felipe Jareño
|
0-0: Called Strike 0-1: Called Strike 0-2: Ball 1-2: Foul Ball, location: 2F 1-2: SINGLE (Groundball, 34D)
|
Batting: RHB Rafael González
|
0-0: Foul Ball, location: 2F 0-1: Called Strike 0-2: Ball 1-2: Foul Ball, location: 2F 1-2: DOUBLE (Line Drive, 7LM) Felipe Jareño to third
|
Batting: LHB Manuel Cardenas
|
0-0: Called Strike 0-1: Swinging Strike 0-2: Ball 1-2: Ball 2-2: Hit by Pitch
|
Batting: RHB Boyd Pittman
|
0-0: Ball 1-0: Ball 2-0: Foul Ball, location: 2F 2-1: Called Strike 2-2: Fielders Choice at 2nd, 6-4 (Groundball, 6) Felipe Jareño scores Rafael González to third
|
Batting: LHB Culley Vaughan
|
0-0: Fielders Choice at 2nd, 6-4 (Groundball, 6)
|
Top of the 4th over - 1 run(s), 2 hit(s), 0 error(s), 1 left on base; District 9 1 - Calgary 1 |
BOTTOM OF THE 4TH |
Calgary Cowboys batting - Pitching for District 9 Prawns : RHP Ignacio Morales
|
Batting: RHB Shayne Burry
|
0-0: Ground out 4-3 (Groundball, 4M)
|
Batting: RHB Mario Sánchez
|
0-0: Foul Ball, location: 2F 0-1: Ball 1-1: Foul Ball, location: 2F 1-2: Ball 2-2: Foul Ball, location: 2F 2-2: Strikes out swinging
|
Batting: LHB Enrico Vargas
|
0-0: Fly out, F9 (Flyball, 9D)
|
Bottom of the 4th over - 0 run(s), 0 hit(s), 0 error(s), 0 left on base; District 9 1 - Calgary 1 |
TOP OF THE 5TH |
District 9 Prawns batting - Pitching for Calgary Cowboys : RHP Luis Trujillo
|
Batting: RHB Gil Palmer
|
0-0: Ball 1-0: Ball 2-0: SINGLE (Groundball, 6MD)
|
Batting: RHB José Colón
|
0-0: Called Strike 0-1: Ball 1-1: Ball 2-1: Ball 3-1: Called Strike 3-2: Fly out, F9 (Flyball, 9S)
|
Batting: LHB Lorenzo Quintanilla
|
0-0: Called Strike Gil Palmer steals 2nd base 0-1: Ground out 6-3 (Groundball, 6) Gil Palmer to third
|
Batting: LHB Mike Davis
|
0-0: Swinging Strike 0-1: Fly out, F4 (Line Drive, 4)
|
Top of the 5th over - 0 run(s), 1 hit(s), 0 error(s), 1 left on base; District 9 1 - Calgary 1 |
BOTTOM OF THE 5TH |
Calgary Cowboys batting - Pitching for District 9 Prawns : RHP Ignacio Morales
|
Batting: RHB Jorge Balencia
|
0-0: Ball 1-0: Ball 2-0: Fly out, F1 (Line Drive, 13)
|
Batting: LHB Greg Nelson
|
0-0: SINGLE (Groundball, 56D)
|
Batting: LHB José Liñares
|
0-0: Ball 1-0: Called Strike 1-1: SINGLE (Groundball, 4D) Greg Nelson to second Runner from 2nd tries for 3rd, SAFE, throw made to third
|
Batting: RHB Todd Bryant
|
0-0: Swinging Strike 0-1: Ball 1-1: Ball 2-1: Ball 3-1: Base on Balls José Liñares to second
|
Batting: RHB Dan Wyatt
|
0-0: Foul Ball, location: 2F 0-1: Ball 1-1: Foul Ball, location: 2F 1-2: Ball 2-2: Ball 3-2: Foul Ball, location: 2F 3-2: Foul Ball, location: 2F 3-2: Ground out 6-3 (Groundball, 6MD) Greg Nelson scores José Liñares to third Todd Bryant to second
|
Pitching: LHP Ben Johnson
|
|
Batting: RHB Ramón Martínez
|
0-0: Ball 1-0: 3-RUN HOME RUN (Flyball, 7D), Distance : 394 ft
|
Batting: RHB Shayne Burry
|
0-0: Ball 1-0: Called Strike 1-1: Foul Ball, location: 2F 1-2: DOUBLE (Line Drive, 8LD)
|
Batting: RHB Mario Sánchez
|
0-0: Swinging Strike 0-1: Called Strike 0-2: Strikes out swinging
|
Bottom of the 5th over - 4 run(s), 4 hit(s), 0 error(s), 1 left on base; District 9 1 - Calgary 5 |
TOP OF THE 6TH |
District 9 Prawns batting - Pitching for Calgary Cowboys : RHP Luis Trujillo
|
Batting: RHB Felipe Jareño
|
0-0: Called Strike 0-1: Fly out, F8 (Flyball, 8LD)
|
Batting: RHB Rafael González
|
0-0: Ball 1-0: Foul Ball, location: 2F 1-1: Ball 2-1: Called Strike 2-2: Fly out, F8 (Flyball, 8LM)
|
Batting: LHB Manuel Cardenas
|
0-0: DOUBLE (Flyball, 7LM)
|
Batting: RHB Boyd Pittman
|
0-0: Ground out U3 (Groundball, 34)
|
Top of the 6th over - 0 run(s), 1 hit(s), 0 error(s), 1 left on base; District 9 1 - Calgary 5 |
BOTTOM OF THE 6TH |
Calgary Cowboys batting - Pitching for District 9 Prawns : LHP Ben Johnson
|
Batting: LHB Enrico Vargas
|
0-0: Swinging Strike 0-1: Foul Ball, location: 2F 0-2: Ball 1-2: Ball 2-2: Strikes out swinging
|
Batting: RHB Jorge Balencia
|
0-0: Ground out 5-3 (Groundball, 56)
|
Batting: LHB Greg Nelson
|
0-0: Fly out, F7 (Flyball, 7S)
|
Bottom of the 6th over - 0 run(s), 0 hit(s), 0 error(s), 0 left on base; District 9 1 - Calgary 5 |
TOP OF THE 7TH |
District 9 Prawns batting - Pitching for Calgary Cowboys : RHP Luis Trujillo
|
Pitching: RHP Pedro Leal
|
|
Batting: LHB Culley Vaughan
|
0-0: Ball 1-0: Ball 2-0: SINGLE (Groundball, 23) (infield hit)
|
Batting: RHB Gil Palmer
|
0-0: Called Strike 0-1: Ball 1-1: Grounds into double play, 1-6-3 (Groundball, P)
|
Batting: RHB José Colón
|
0-0: Ball 1-0: Called Strike 1-1: Foul Ball, location: 2F 1-2: Strikes out swinging
|
Top of the 7th over - 0 run(s), 1 hit(s), 0 error(s), 0 left on base; District 9 1 - Calgary 5 |
BOTTOM OF THE 7TH |
Calgary Cowboys batting - Pitching for District 9 Prawns : LHP Ben Johnson
|
Batting: LHB José Liñares
|
0-0: Ball 1-0: Ground out 4-3 (Groundball, 4)
|
Batting: RHB Todd Bryant
|
0-0: Ball 1-0: Foul Ball, location: 2F 1-1: Ball 2-1: Ground out 5-3 (Groundball, 56S)
|
Batting: RHB Dan Wyatt
|
0-0: Ball 1-0: Swinging Strike 1-1: Foul Ball, location: 2F 1-2: Strikes out swinging
|
Bottom of the 7th over - 0 run(s), 0 hit(s), 0 error(s), 0 left on base; District 9 1 - Calgary 5 |
TOP OF THE 8TH |
District 9 Prawns batting - Pitching for Calgary Cowboys : RHP Pedro Leal
|
Batting: LHB Lorenzo Quintanilla
|
0-0: Ball 1-0: Ball 2-0: Called Strike 2-1: Foul Ball, location: 2F 2-2: Ball 3-2: Foul Ball, location: 2F 3-2: Base on Balls
|
Batting: LHB Mike Davis
|
0-0: Ball 1-0: Swinging Strike 1-1: Foul Ball, location: 2F 1-2: Ball 2-2: Foul Ball, location: 2F 2-2: Ball 3-2: Foul Ball, location: 2F 3-2: Base on Balls Lorenzo Quintanilla to second
|
Pitching: LHP Alfredo Durán
|
|
Batting: RHB Felipe Jareño
|
0-0: Ball 1-0: Foul Ball, location: 2F 1-1: Called Strike 1-2: Grounds into double play, 4-6-3 (Groundball, 4) Lorenzo Quintanilla to third
|
Batting: RHB Rafael González
|
0-0: Ball 1-0: Ground out 5-3 (Groundball, 56)
|
Top of the 8th over - 0 run(s), 0 hit(s), 0 error(s), 1 left on base; District 9 1 - Calgary 5 |
BOTTOM OF THE 8TH |
Calgary Cowboys batting - Pitching for District 9 Prawns : LHP Ben Johnson
|
Batting: RHB Ramón Martínez
|
0-0: Ball 1-0: Ball 2-0: Swinging Strike 2-1: Foul Ball, location: 2F 2-2: Strikes out looking
|
Batting: RHB Shayne Burry
|
0-0: Called Strike 0-1: Foul Ball, location: 2F 0-2: Ball 1-2: Foul Ball, location: 2F 1-2: Foul Ball, location: 2F 1-2: Strikes out swinging
|
Batting: RHB Mario Sánchez
|
0-0: Ball 1-0: Ground out 5-3 (Groundball, 5)
|
Bottom of the 8th over - 0 run(s), 0 hit(s), 0 error(s), 0 left on base; District 9 1 - Calgary 5 |
TOP OF THE 9TH |
District 9 Prawns batting - Pitching for Calgary Cowboys : LHP Alfredo Durán
|
Batting: LHB Manuel Cardenas
|
0-0: Ball 1-0: SINGLE (Popup, 3D)
|
Batting: RHB Boyd Pittman
|
0-0: Ball 1-0: Ball 2-0: SINGLE (Line Drive, 8LS) Manuel Cardenas to second
|
Pitching: RHP Bernardo Romero
|
|
Batting: LHB Culley Vaughan
|
0-0: SINGLE (Line Drive, 3D) Manuel Cardenas to third Boyd Pittman to second
|
Pinch Hitting: LHB Terry Simpson
|
0-0: Ball 1-0: Ball 2-0: Ball 3-0: Base on Balls Manuel Cardenas scores Boyd Pittman to third Culley Vaughan to second
|
Batting: RHB José Colón
|
0-0: Ball 1-0: Called Strike 1-1: Grounds into double play, 6-4-3 (Groundball, 6) Boyd Pittman scores Culley Vaughan to third
|
Batting: LHB Lorenzo Quintanilla
|
0-0: Ball 1-0: Ball 2-0: Ball 3-0: Called Strike 3-1: Swinging Strike 3-2: Base on Balls
|
Batting: LHB Mike Davis
|
0-0: Ball 1-0: Ball 2-0: Ball 3-0: Base on Balls Lorenzo Quintanilla to second
|
Batting: RHB Felipe Jareño
|
0-0: Swinging Strike 0-1: Foul Ball, location: 2F 0-2: Ball 1-2: Fly out, F8 (Line Drive, 8LD)
|
Top of the 9th over - 2 run(s), 3 hit(s), 0 error(s), 3 left on base; District 9 3 - Calgary 5 |
|
Thursday, March 30th, 2017 - OOTP Baseball 17.12 Build 75
|
|